 Dungeon Crawl Stone Soup version 0.19.1 (webtiles) character file.

1201 Crag the Charlatan (level 8, -2/72 HPs)
             Began as a Deep Dwarf Artificer on Dec 25, 2016.
             Was a Believer of Nemelex Xobeh.
             Slain by Prince Ribbit (13 damage)
             ... on level 7 of the Dungeon.
             The game lasted 00:23:39 (4995 turns).

Crag the Charlatan (Deep Dwarf Artificer)           Turns: 4995, Time: 00:23:41

Health: -2/72      AC:  7    Str: 21    XL:     8   Next: 21%
Magic:  12/12      EV: 13    Int: 14    God:    Nemelex Xobeh [**....]
Gold:   340        SH:  5    Dex: 17    Spells: 0 memorised, 7 levels left

rFire  . . .     SeeInvis +     A - +0 war axe (curse)
rCold  + . .     Gourm    .     k - +0 scale mail
rNeg   . . .     Faith    .     q - +0 buckler
rPois  .         Spirit   .     (no helmet)
rElec  .         Reflect  .     (no cloak)
rCorr  .         Harm     .     (no gloves)
MR     ++...                    (no boots)
Stlth  +.........               K - amulet of magic regeneration
                                S - ring of protection from cold
                                n - ring of protection from magic

@: mighty, non-regenerating
A: damage resistance, recharge devices, see invisible, agile 1, clever 1, sense
surroundings 1, slow regeneration 3
a: Device Recharging, Renounce Religion


You were on level 7 of the Dungeon.
You worshipped Nemelex Xobeh.
Nemelex Xobeh was pleased with you.
You were not hungry.

You visited 1 branch of the dungeon, and saw 7 of its levels.

You collected 340 gold pieces.

Inventory:

Hand Weapons
 a - a +0 short sword
 j - a +1 short sword
 t - a +0 dagger of protection
 u - a +2 whip of freezing
 w - a cursed -3 mace
 y - a +3 quarterstaff of chaos
 A - a cursed +0 war axe (weapon)
 P - a +0 blowgun
Missiles
 x - 64 bolts
 Q - 5 poisoned needles
 U - 5 tomahawks (quivered)
Armour
 b - a +0 leather armour
 k - a +0 scale mail (worn)
 q - a +0 buckler (worn)
 z - a +1 cloak
Jewellery
 n - a ring of protection from magic (left hand)
 p - an uncursed ring of ice
 B - an uncursed amulet of guardian spirit
 I - an uncursed ring of protection from magic
 K - an amulet of magic regeneration (around neck)
 S - a ring of protection from cold (right hand)
Wands
 c - a wand of flame (4/48)
 d - a wand of enslavement (15/24)
 e - a wand of random effects (14/48)
 f - a wand of heal wounds (0/9)
 v - a wand of enslavement (7/24)
 D - a wand of heal wounds (0/9)
 N - a wand of iceblast (1/15)
Scrolls
 l - 3 scrolls of identify
 m - 2 scrolls of blinking
 C - a scroll of teleportation
 E - 2 scrolls of remove curse
 G - a scroll of magic mapping
 R - a scroll of fog
Potions
 h - 2 potions of brilliance
 o - 6 potions of curing
 H - 3 potions of flight
 L - a potion of might
Books
 O - a book of Necromancy

   Spells                             Type                      Level
   a - Pain                           Necromancy                   1
   b - Animate Skeleton               Necromancy                   1
   c - Vampiric Draining              Necromancy                   3
   d - Regeneration                   Charms/Necromancy            3
   e - Animate Dead                   Necromancy                   4
   f - Control Undead                 Necromancy                   4
 T - a book of Debilitation

   Spells                             Type                      Level
   a - Corona                         Hexes                        1
   b - Slow                           Hexes                        2
   c - Gell's Gravitas                Hexes/Translocation          3
   d - Inner Flame                    Hexes/Fire                   3
   e - Cause Fear                     Hexes                        4
   f - Leda's Liquefaction            Hexes/Earth                  4
Miscellaneous
 F - a plain deck of escape
 M - a plain deck of escape
Comestibles
 g - 5 bread rations
 i - a royal jelly
 r - a beef jerky
 s - 2 meat rations
 J - 3 chunks of flesh


   Skills:
 + Level 4.0 Fighting
 - Level 0.8 Short Blades
 + Level 3.0(3.2) Axes
 - Level 1.4(2.2) Maces & Flails
 + Level 4.4 Armour
 + Level 4.8 Dodging
 - Level 1.2 Stealth
 + Level 3.8 Shields
 + Level 6.5 Evocations


You had 7 spell levels left.
You didn't know any spells.

Dungeon Overview and Level Annotations

Branches:
Dungeon (7/15)             Temple (0/1) D:4

Altars:
Cheibriados
Kikubaaqudgha
Nemelex Xobeh
Sif Muna
Trog
Vehumet
The Shining One

Shops:
D:4 *

Annotations:
D:7 Prince Ribbit


Innate Abilities, Weirdness & Mutations

You are resistant to damage.
You can recharge devices by infusing magical energy.
You passively map a small area around you.
You do not regenerate.
You have supernaturally acute eyesight. (SInv)
You are agile. (Dex +2)
Your mind is acute. (Int +2)


Message History

Prince Ribbit is severely wounded.
You block Prince Ribbit's attack. Prince Ribbit hits you.
* * * LOW HITPOINT WARNING * * *
You feel very mighty all of a sudden.
Prince Ribbit blinks!
The sky beast hits you but does no damage.
You hit the sky beast.
The sky beast is lightly wounded.
Prince Ribbit blinks!
You block the sky beast's attack.
You hit the sky beast.
The sky beast is moderately wounded.
The sky beast flickers out of sight for a moment.
The sky beast misses you.
Prince Ribbit blinks!
You closely miss Prince Ribbit.
Prince Ribbit is severely wounded.
You hit the sky beast. Prince Ribbit closely misses you.
The sky beast hits you but does no damage.
Prince Ribbit hits you!
You die...
Your body disappears without a glow.

##### ...#
*#§### ,
#.F.#####.. , ,
* ##..@Y§.....
,
***#.<###.###..
, #.....## * .#
, , *#$#### >#
* * , , ,, ,, *
, , ,, ,, , , *
* , , , , *


You could see Prince Ribbit and a sky beast (invisible).

Vanquished Creatures
  Grinder (D:3)
  Sigmund (D:3)
  A phantom (D:6)
  A sky beast (D:6)
  A centaur (D:6)
  A bullfrog (D:6)
  A crimson imp (D:5)
  2 orc priests (D:5)
  3 hounds
  Crazy Yiuf (D:3)
  Jessica (D:2)
  3 orc wizards
  2 worker ants (D:5)
  4 gnolls (D:2)
  5 adders
  2 shadow imps (D:5)
  An ooze (D:3)
  A worm (D:6)
  A dart slug (D:3)
  3 leopard geckos
  22 orcs
  A ball python (D:6)
  4 bats
  7 giant cockroaches
  8 goblins
  7 hobgoblins
  2 quokkas
  4 frilled lizards
  6 kobolds
  2 rats
99 creatures vanquished.

Vanquished Creatures (collateral kills)
  An adder (D:3)
  2 orcs (D:3)
3 creatures vanquished.

Grand Total: 102 creatures vanquished

Notes
Turn   | Place    | Note
-------+----------+-------------------------------------------
     0 | D:1      | Crag the Deep Dwarf Artificer began the quest for the Orb.
     0 | D:1      | Reached XP level 1. HP: 16/16 MP: 3/3
    48 | D:1      | Reached skill level 1 in Fighting
   409 | D:1      | Reached XP level 2. HP: 17/25 MP: 5/5
   940 | D:2      | Reached skill level 1 in Armour
  1097 | D:2      | Reached XP level 3. HP: 16/31 MP: 6/6
  1195 | D:2      | Noticed Jessica
  1211 | D:2      | Killed Jessica
  1211 | D:2      | Reached skill level 1 in Shields
  1222 | D:2      | Reached XP level 4. HP: 37/39 MP: 7/7
  1594 | D:3      | Found an ancient bone altar of Kikubaaqudgha.
  1645 | D:3      | Reached XP level 5. HP: 27/46 MP: 8/8
  1650 | D:3      | Reached skill level 5 in Evocations
  1863 | D:3      | Noticed Grinder
  1878 | D:3      | Killed Grinder
  1878 | D:3      | Reached skill level 1 in Maces & Flails
  1878 | D:3      | Reached XP level 6. HP: 43/55 MP: 8/10
  2005 | D:3      | Found a runed door.
  2009 | D:3      | Noticed Crazy Yiuf
  2020 | D:3      | Killed Crazy Yiuf
  2219 | D:3      | Noticed Sigmund
  2255 | D:3      | Killed Sigmund
  2279 | D:3      | Reached skill level 1 in Axes
  2622 | D:4      | Found a deep blue altar of Sif Muna.
  2680 | D:4      | Reached XP level 7. HP: 53/62 MP: 11/11
  2747 | D:4      | Found a sparkling altar of Nemelex Xobeh.
  2755 | D:4      | Became a worshipper of Nemelex Xobeh the Trickster
  2761 | D:4      | Received a gift from Nemelex Xobeh
  2808 | D:4      | Found Ysext's Assorted Antiques.
  2951 | D:4      | Found a staircase to the Ecumenical Temple.
  2986 | D:4      | Found a snail-covered altar of Cheibriados.
  3182 | D:4      | Reached * piety under Nemelex Xobeh
  3301 | D:4      | Found a bloodstained altar of Trog.
  3389 | D:5      | Entered Level 5 of the Dungeon
  3796 | D:5      | Reached skill level 6 in Evocations
  3830 | D:5      | Found a glowing golden altar of the Shining One.
  4221 | D:6      | HP: 3/63 [centaur (1)]
  4305 | D:6      | Found a radiant altar of Vehumet.
  4365 | D:6      | Reached XP level 8. HP: 25/72 MP: 12/12
  4370 | D:6      | Gained mutation: You have supernaturally acute eyesight. (SInv) [mutagenic meat]
  4371 | D:6      | Gained mutation: Your mind is acute. (Int +2) [mutagenic meat]
  4372 | D:6      | Gained mutation: You are agile. (Dex +2) [mutagenic meat]
  4433 | D:6      | Reached ** piety under Nemelex Xobeh
  4595 | D:6      | Received a gift from Nemelex Xobeh
  4980 | D:7      | Noticed Prince Ribbit
  4995 | D:7      | Slain by Prince Ribbit

Skill      XL: |  1  2  3  4  5  6  7  8 |
---------------+-------------------------+-----
Fighting       | 1 2 3 4 |  4.0
Armour         | 1 2 3 4 |  4.4
Shields        | 1 2 3 |  3.8
Dodging        | 3 4 |  4.8
Evocations     | 5 6 |  6.5
Maces & Flails | 1 |  1.4
Axes           | 1 2 3 |  3.0
Short Blades   | |  0.8
Stealth        | |  1.2

Action                   |  1- 3 |  4- 6 |  7- 9 || total
-------------------------+-------+-------+-------++-------
Melee: Short sword       |    93 |   112 |       ||   205
       Whip              |       |    44 |       ||    44
       Dagger            |       |     2 |       ||     2
       War axe           |       |    53 |   209 ||   262
Evoke: Wand              |     6 |    10 |    10 ||    26
  Use: Potion            |     3 |     4 |     5 ||    12
       Scroll            |     3 |     4 |     2 ||     9
  Eat: Chunk             |     1 |     4 |    12 ||    17
Armor: Leather armour    |     3 |       |       ||     3
       Scale mail        |    22 |    61 |    82 ||   165
Dodge: Dodged            |    54 |    91 |    95 ||   240
Block: Buckler           |     8 |    33 |    51 ||    92
